 Dungeon Crawl Stone Soup version 0.22-a0-469-gf26638a (webtiles) character file.

6542 galech the Fighter (level 11, 0/115 HPs)
             Began as an Ogre Berserker on June 12, 2018.
             Was an Elder of Trog.
             Slain by an unseen horror (3 damage)
             ... on level 10 of the Dungeon.
             The game lasted 00:14:12 (10613 turns).

galech the Fighter (Ogre Berserker)                Turns: 10613, Time: 00:14:13

Health: 0/115      AC:  4    Str: 26    XL:     11   Next: 1%
Magic:  20/20      EV: 15    Int:  8    God:    Trog [****..]
Gold:   602        SH: 14    Dex:  8    Spells: 10/10 levels left

rFire    . . .     SeeInvis .   E - +0 whip of Lickorphe {elec, rC+ MP+9}
rCold    + . .     Gourm    .   k - +0 shield
rNeg     . . .     Faith    .   B - +1 robe {MR+}
rPois    .         Spirit   .   (helmet restricted)
rElec    .         Reflect  +   (no cloak)
rCorr    +         Harm     .   (gloves unavailable)
MR       ++...                  (boots unavailable)
Stlth    ++........             i - +3 amulet of reflection
HPRegen  0.29/turn              l - ring of resist corrosion
MPRegen  0.17/turn              t - +3 ring of evasion

@: marked, very slightly contaminated
A: large, unfitting armour, tough skin 1
a: Berserk, Trog's Hand, Brothers in Arms, Renounce Religion


You were on level 10 of the Dungeon.
You worshipped Trog.
Trog was greatly pleased with you.
You were not hungry.

You visited 2 branches of the dungeon, and saw 11 of its levels.
You also visited: Ossuary.

You collected 602 gold pieces.

Inventory:

Hand Weapons
 E - the +0 whip of Lickorphe (weapon) {elec, rC+ MP+9}
   (You found it on level 5 of the Dungeon)

   Occasionally, upon striking a foe, it will discharge some electrical energy
   and cause terrible harm.
   It protects you from cold.
   It affects your magic capacity (+9).
 G - a +2 flail of protection
 H - a +1 whip of pain
Armour
 b - a +0 animal skin
 k - a +0 shield (worn)
 B - a +1 robe of magic resistance (worn)
Jewellery
 i - a +3 amulet of reflection (around neck)
 l - a ring of resist corrosion (left hand)
 q - an uncursed amulet of magic regeneration {unknown}
 s - an uncursed amulet of harm {unknown}
 t - a +3 ring of evasion (right hand)
 K - an uncursed ring of positive energy
 L - an uncursed ring of see invisible
Wands
 m - a wand of flame (29)
 O - a wand of iceblast (12)
Scrolls
 d - a scroll of enchant weapon
 e - 3 scrolls of noise
 f - 4 scrolls of enchant armour
 h - 5 scrolls of remove curse
 r - 3 scrolls of identify
 v - a scroll of silence {unknown}
 w - 2 scrolls of immolation
 y - 2 scrolls of fog
 z - 2 scrolls of vulnerability {unknown}
 A - 2 scrolls of amnesia
Potions
 a - a potion of ambrosia {unknown}
 g - 3 potions of magic
 j - 3 potions of might {unknown}
 n - 3 potions of haste {unknown}
 o - a potion of mutation {unknown}
 p - 3 potions of curing
 u - a potion of cancellation {unknown}
 x - 3 potions of agility {unknown}
 C - 2 potions of brilliance {unknown}
 D - a potion of invisibility {unknown}
 F - a potion of degeneration {unknown}
 N - a potion of flight {unknown}
 P - 2 potions of lignification {unknown}
Comestibles
 c - 18 rations


   Skills:
 + Level 9.3 Fighting
 + Level 8.8 Maces & Flails
 + Level 7.5 Dodging
 + Level 2.4 Stealth
 + Level 8.0 Shields


You had 10 spell levels left.
You didn't know any spells.
Your spell library was empty.

Dungeon Overview and Level Annotations

Branches:
Dungeon (10/15)            Temple (0/1) D:5             Orc (1/2) D:9
   Lair: D:8-11

Altars:
Ashenzari
Cheibriados
Dithmenos
Fedhas
Gozag
Nemelex Xobeh
Trog
Vehumet
Yredelemnul
Zin

Shops:
D:6 *


Innate Abilities, Weirdness & Mutations

You are too large for most types of armour.
You have tough skin. (AC +1)


Message History

As you read the scroll of blinking, it crumbles to dust.
You block something's attack. Something barely misses you.
Something hits you but does no damage. You block the yak's attack.
A black bear comes into view.
The ice beast hits you.
* * * LOW HITPOINT WARNING * * *
The ice beast freezes you. You resist.
* * * LOW HITPOINT WARNING * * *
You block something's attack. The yak misses you.
Something hits you but does no damage. You block the yak's attack.
Something hits you but does no damage. The yak gores you but does no damage.
Something hits you.
* * * LOW HITPOINT WARNING * * *
The black bear bites you.
* * * LOW HITPOINT WARNING * * *
The black bear closely misses you. You block the black bear's attack.
Something hits you.
* * * LOW HITPOINT WARNING * * *
Something hits you.
You die...

.## ..... ..# §l§
.######### #S# .........#
##§## .....###.## #§§§#
.....##...## #YY§#
...........# #YY§#
.....#.....######.h.####.
...........##...@........#
.....#....................
.##>####..###............#
.##.##....# #####...####.#
###.##.##.# #...# .
###.##.##.# #...#
..........# #...#
########### ##... ####


You could see 3 yaks, a black bear and an ice beast.

Vanquished Creatures
  An unseen horror (D:9)
  Pikel (D:5)
  2 hornets (D:9)
  A human (D:7)
  Grum (D:9)
  4 hogs (D:7)
  A hungry ghost (D:7)
  Duvessa (D:5)
  2 orc warriors (D:9)
  2 ice beasts
  A sky beast (D:9)
  An eye of draining (D:9)
  4 ogres
  A phantom (D:6)
  4 wolves (D:9)
  A centaur (D:9)
  2 elf zombies (Ossuary)
  3 bullfrogs
  Dowan (D:5)
  2 scorpions
  11 killer bees
  2 howler monkeys
  3 crimson imps
  2 human zombies (Ossuary)
  8 orc wizards
  9 centaur zombies
  4 hounds (D:9)
  A jelly (D:10)
  5 orc priests
  A gnoll shaman (D:5)
  2 bullfrog skeletons
  An iguana (D:8)
  Natasha (thrice) (D:2)
  5 worker ants
  A hound zombie (D:9)
  2 hound skeletons
  4 mummies
  Robin (D:2)
  4 gnolls (D:5)
  6 adders
  2 shadow imps
  An ooze (D:2)
  2 adder skeletons
  3 worms
  2 dart slugs
  6 leopard geckos
  36 orcs
  A ball python (D:2)
  3 giant cockroaches
  15 goblins
  7 hobgoblins
  9 jackals
  A quokka (D:2)
  3 bats
  2 frilled lizards
  3 hobgoblin zombies (D:7)
  7 kobolds
  An orc zombie (D:7)
  7 rats
222 creatures vanquished.

Vanquished Creatures (others)
  An orc (D:3)
1 creature vanquished.

Grand Total: 223 creatures vanquished

Notes
Turn   | Place    | Note
-------+----------+-------------------------------------------
     0 | D:1      | galech the Ogre Berserker began the quest for the Orb.
     0 | D:1      | Reached XP level 1. HP: 24/24 MP: 1/1
   190 | D:1      | Reached XP level 2. HP: 32/32 MP: 2/2
   714 | D:2      | Reached XP level 3. HP: 15/40 MP: 3/3
  1203 | D:2      | Noticed Robin
  1461 | D:2      | Found a snail-covered altar of Cheibriados.
  1514 | D:2      | Killed Robin
  1514 | D:2      | Reached XP level 4. HP: 47/49 MP: 4/4
  1627 | D:2      | Reached ** piety under Trog
  1628 | D:2      | Found a radiant altar of Vehumet.
  1852 | D:2      | Reached skill level 1 in Shields
  1875 | D:2      | Noticed Natasha
  1879 | D:2      | Killed Natasha
  1879 | D:2      | Reached skill level 5 in Fighting
  2092 | D:2      | Reached XP level 5. HP: 45/57 MP: 5/5
  2178 | D:2      | Noticed Natasha
  2190 | D:2      | Killed Natasha
  2334 | D:2      | Noticed Natasha
  2346 | D:2      | Killed Natasha
  2787 | D:3      | Reached XP level 6. HP: 40/66 MP: 6/6
  3109 | D:3      | Found a faded altar of an unknown god.
  3249 | D:4      | Found a sand-covered staircase.
  3254 | Ossuary  | Entered an ossuary
  3336 | Ossuary  | Reached XP level 7. HP: 66/74 MP: 7/7
  3400 | Ossuary  | Reached skill level 6 in Fighting
  3415 | Ossuary  | Reached *** piety under Trog
  3489 | Ossuary  | Reached skill level 5 in Maces & Flails
  3811 | D:4      | Reached XP level 8. HP: 78/84 MP: 8/8
  4210 | D:4      | Found an opulent altar of Gozag.
  4477 | D:5      | Entered Level 5 of the Dungeon
  4560 | D:5      | Found a shattered altar of Ashenzari.
  4765 | D:5      | Noticed Pikel
  4798 | D:5      | Killed Pikel
  4798 | D:5      | Reached skill level 7 in Fighting
  4798 | D:5      | Reached skill level 5 in Dodging
  5084 | D:5      | Found a staircase to the Ecumenical Temple.
  5110 | D:5      | Found a basalt altar of Yredelemnul.
  5239 | D:5      | Noticed Duvessa
  5240 | D:5      | Noticed Dowan
  5257 | D:5      | Killed Duvessa
  5257 | D:5      | Reached XP level 9. HP: 93/93 MP: 9/9
  5279 | D:5      | Killed Dowan
  5279 | D:5      | Reached skill level 1 in Stealth
  5737 | D:5      | Got an ichor-stained whip
  5738 | D:5      | Identified the +0 whip of Lickorphe {elec, rC+ MP+9} (You found it on level 5 of the Dungeon)
  5860 | D:6      | Reached skill level 5 in Shields
  6140 | D:6      | Found Ominguts's General Store.
  6558 | D:6      | Paralysed by fainting for 6 turns
  6945 | D:7      | Found a blossoming altar of Fedhas.
  6945 | D:7      | Found a glowing silver altar of Zin.
  6946 | D:7      | Found a sparkling altar of Nemelex Xobeh.
  7210 | D:7      | Reached **** piety under Trog
  7525 | D:7      | Reached skill level 8 in Fighting
  7542 | D:7      | Reached XP level 10. HP: 96/104 MP: 10/10
  8006 | D:8      | Found a shadowy altar of Dithmenos.
  8066 | D:8      | Found a bloodstained altar of Trog.
  8711 | D:9      | Found a staircase to the Orcish Mines.
  9045 | D:9      | Noticed Grum
  9053 | D:9      | Killed Grum
  9586 | D:9      | Reached skill level 9 in Fighting
 10263 | Orc:1    | Entered Level 1 of the Orcish Mines
 10289 | Orc:1    | Noticed an orc warlord
 10289 | Orc:1    | Noticed an orc sorcerer
 10309 | Orc:1    | Noticed a rust devil
 10318 | D:9      | Noticed an unseen horror
 10325 | D:9      | Killed an unseen horror
 10467 | D:10     | Entered Level 10 of the Dungeon
 10479 | D:10     | Reached XP level 11. HP: 109/115 MP: 11/11
 10613 | D:10     | HP: 3/115 [something (4)]
 10613 | D:10     | Slain by an unseen horror

Vault maps used:
D:1:      minmay_arrival_jagged
D:2:      cheibriados_altar_1, old_standard_altar, uniq_robin, uniq_natasha
D:3:      chequers_ecumenical_altar_grove
D:4:      old_standard_altar, enter_ossuary_2
D:5:      kennysheep_little_box, lemuel_crystal_altar,
          minmay_temple_entry_glassed_door, first_ration, uniq_pikel,
          uniq_duvessa
D:6:      serial_shops, shop
D:7:      nicolae_overflow_hidden_temple, grunt_livestock, minmay_mini_ossuary
D:8:      grunt_temple_overflow_open
D:9:      erik_orc_3, uniq_grum
Orc:1:    guppyfry_library_mini
Ossuary:  ossuary_minmay_four_chambers

Skill      XL: |  1  2  3  4  5  6  7  8  9 10 11 |
---------------+----------------------------------+-----
Maces & Flails | 3 4 5 6 7 8 |  8.8
Dodging        | 3 4 5 6 7 |  7.5
Shields        | 1 2 3 4 6 7 8 |  8.0
Fighting       | 5 6 7 8 9 |  9.3
Stealth        | 1 2 |  2.4

Action                   |  1- 3 |  4- 6 |  7- 9 | 10-12 || total
-------------------------+-------+-------+-------+-------++-------
Melee: Mace              |    88 |   278 |   261 |       ||   627
       Whip              |       |       |   207 |   368 ||   575
Invok: Berserk           |     2 |     3 |     5 |     3 ||    13
       Trog's Hand       |       |       |     5 |     2 ||     7
  Use: Potion            |     2 |       |       |     2 ||     4
       Scroll            |       |     7 |     1 |     3 ||    11
 Stab: Sleeping          |     1 |       |     1 |       ||     2
       Distracted        |       |       |     1 |       ||     1
  Eat: Chunk             |     3 |    10 |    17 |    12 ||    42
       Ration            |       |       |     1 |     1 ||     2
Armor: Animal skin       |    47 |    54 |    25 |       ||   126
       Robe              |       |       |    43 |    36 ||    79
Dodge: Dodged            |    60 |   118 |   180 |   109 ||   467
Block: Shield            |    42 |   170 |   268 |   211 ||   691
       Reflection        |       |     4 |     2 |     4 ||    10

Table legend:
 A = Spawn XP
 B = Non-spawn XP
 C = Spawn XP percentage of total XP
 D = Spawn monster count
 E = Non-spawn monster count
 F = Spawn count percentage of total count
 G = Total turns spent on level
                    A         B        C        D         E        F      G
               +---------+---------+-------+---------+---------+-------+---------
         Total |       0 |    9347 |   0.0 |       0 |     223 |   0.0 | 10613
               +---------+---------+-------+---------+---------+-------+---------
           D:1 |       0 |      23 |   0.0 |       0 |      14 |   0.0 |   823
           D:2 |       0 |     219 |   0.0 |       0 |      35 |   0.0 |  1601
           D:3 |       0 |     101 |   0.0 |       0 |      21 |   0.0 |   727
           D:4 |       0 |     255 |   0.0 |       0 |      18 |   0.0 |  1035
           D:5 |       0 |    1182 |   0.0 |       0 |      13 |   0.0 |  1349
           D:6 |       0 |     747 |   0.0 |       0 |      17 |   0.0 |   780
           D:7 |       0 |    1828 |   0.0 |       0 |      28 |   0.0 |  1400
           D:8 |       0 |     199 |   0.0 |       0 |       8 |   0.0 |   525
           D:9 |       0 |    3921 |   0.0 |       0 |      51 |   0.0 |  1888
          D:10 |       0 |     185 |   0.0 |       0 |       3 |   0.0 |   146
       Ossuary |       0 |     687 |   0.0 |       0 |      15 |   0.0 |   291
               +---------+---------+-------+---------+---------+-------+---------
